 Dungeon Crawl Stone Soup version 0.31-a0-978-g1e143483b6 (webtiles) character file.

Game seed: 14442078107466077074

2137 p00ps00p the Cleaver (level 9, -7/81 HPs)
             Began as a Hill Orc Fighter on Oct 31, 2023.
             Was an Initiate of Gozag.
             Mangled by a troll (8 damage)
             ... led by an orc knight
             ... on level 7 of the Dungeon.
             The game lasted 00:11:54 (7287 turns).

p00ps00p the Cleaver (Hill Orc Fighter)             Turns: 7287, Time: 00:11:55

Health: -7/81      AC: 15    Str: 23    XL:     9   Next: 30%
Magic:  9/9        EV:  6    Int:  8    God:    Gozag
Gold:   343        SH:  9    Dex: 10    Spells: 8/8 levels left

rFire   . . .        a - +0 war axe
rCold   . . .        m - +0 kite shield
rNeg    . . .        j - +1 plate armour
rPois   .            (no helmet)
rElec   .            l - +0 cloak
rCorr   +            (no gloves)
SInv    +            (no boots)
Will    .....        (no amulet) Stlth
                     g - ring of see invisible
HPRegen 0.33/turn    q - ring of resist corrosion
MPRegen 0.11/turn

%: no passive effects
@: mighty, gold aura, attractive, hasted, studying Air Magic, invisible, very
quick
A: no striking features
a: Renounce Religion, Potion Petition, Call Merchant, Bribe Branch


You were on level 7 of the Dungeon.
You worshipped Gozag.
Gozag was aware of your devotion.
You visited 1 branch of the dungeon, and saw 7 of its levels.

You collected 416 gold pieces.
You paid 73 gold pieces to Gozag.

Inventory:

Hand Weapons
 a - a +0 war axe (weapon)
Missiles
 o - 15 poisoned darts
 t - a throwing net
Armour
 j - a +1 plate armour (worn)
 l - a +0 cloak (worn)
 m - a +0 kite shield (worn)
Jewellery
 g - a ring of see invisible (left hand)
 q - a ring of resist corrosion (right hand)
Wands
 c - a wand of mindburst (6)
 p - a wand of polymorph (3)
Scrolls
 v - a scroll of teleportation
Potions
 e - a potion of berserk rage
 k - a potion of lignification
 n - 4 potions of curing


   Skills:
 + Level 8.0 Fighting
 + Level 8.3 Axes
 + Level 7.3 Armour
 + Level 7.3 Shields


You had 8 spell levels left.
You didn't know any spells.
Your spell library contained the following spells:

 Spells                   Type           Power      Damage    Failure   Level
 Foxfire                  Conj/Fire      0%         2x1d4     100%        1
 Blink                    Tloc           0%         N/A       100%        2
 Lesser Beckoning         Tloc           0%         N/A       100%        2
 Momentum Strike          Conj/Tloc      0%         3d8       100%        2
 Plasma Beam              Fire/Air       0%         2x1d10    100%        6
 Starburst                Conj/Fire      0%         6d3       100%        6


Dungeon Overview and Level Annotations

Branches:
Dungeon (7/15)
 Temple: D:4-7

Altars:
Gozag
Hepliaklqana
Uskayaw

Shops:
D:1 (


Message History

You block the orc knight's attack.
You hit the orc knight.
The orc knight is severely wounded.
The orc knight hits you with a +0 battleaxe.
You hit the orc knight.
The orc knight is severely wounded.
The orc knight hits you with a +0 battleaxe!
* * * LOW HITPOINT WARNING * * *
Unknown command.
You fade into invisibility!
The orc wizard casts a spell at you.
The orc knight easily resists.
The orc knight hits you with a +0 battleaxe.
* * * LOW HITPOINT WARNING * * *
Unknown command.
You slash the orc knight!
The orc knight is almost dead.
You kill the orc knight!
The orc wizard no longer looks unusually strong.
Your Fighting skill increases to level 8!
Your Axes skill increases to level 8!
Your Armour skill increases to level 7!
Your Shields skill increases to level 7!
You closely miss the troll.
The troll is almost dead.
The troll bites you!
* * * LOW HITPOINT WARNING * * *
The troll claws you but does no damage. x2
Unknown command.
You feel better. The troll bites you.
* * * LOW HITPOINT WARNING * * *
You block the troll's attack. The troll barely misses you.
Unknown command.
It was a potion of attraction.
You feel attractive to monsters.
It was a potion of haste.
You feel yourself speed up. The troll bites you but does no damage.
The troll claws you.
* * * LOW HITPOINT WARNING * * *
The troll claws you!
You die...
Your body crumbles into a pile of gold.

#..# ###..#
..#..# # #
#.#..#
#[#[#[#.#..#
#..o..#.#..#
#....ooo...#
#....o#T#..#
#[#(# #@#..#
#.#######.#..#
#.........#..#
#######.#####..#
...............#
..........##...#
##.#####......#
# #..##### #..#


You could see a troll (unable to see you, very poisoned, slow), an orc warrior
(strong, unable to see you) and an orc (unable to see you).

Vanquished Creatures
  An orc knight (D:7)
  Sigmund (D:3)
  A water moccasin (D:6)
  2 ice beasts (D:6)
  A sky beast (D:6)
  A black bear (D:4)
  2 ogres (D:4)
  4 scorpions
  3 killer bees (D:6)
  An orc priest (D:5)
  A hound (D:6)
  A sleepcap (D:4)
  6 iguanas
  2 orc wizards
  3 gnolls (D:5)
  3 adders
  A shadow imp (D:6)
  A white imp (D:6)
  2 ufetubi (D:6)
  2 worms
  17 orcs
  8 bats
  9 endoplasms
  5 giant cockroaches
  4 goblins
  5 hobgoblins
  4 jackals (D:3)
  4 quokkas
  13 ball pythons
  2 frilled lizards (D:1)
  11 kobolds
  8 rats
129 creatures vanquished.

Notes
Turn   | Place    | Note
-------+----------+-------------------------------------------
     0 | D:1      | p00ps00p the Hill Orc Fighter began the quest for the Orb.
     0 | D:1      | Reached XP level 1. HP: 19/19 MP: 1/1
   141 | D:1      | Reached XP level 2. HP: 25/27 MP: 2/2
   302 | D:1      | Found Taestasi's Antique Weapon Shop.
   903 | D:2      | Reached XP level 3. HP: 22/33 MP: 3/3
  1943 | D:3      | Noticed Sigmund
  1963 | D:3      | Killed Sigmund
  1964 | D:3      | Reached skill level 5 in Fighting
  1964 | D:3      | Reached XP level 4. HP: 20/42 MP: 4/4
  1964 | D:3      | Reached XP level 5. HP: 22/48 MP: 5/5
  2191 | D:3      | Reached XP level 6. HP: 56/56 MP: 6/6
  2734 | D:4      | Reached skill level 5 in Axes
  3043 | D:4      | Reached skill level 5 in Armour
  3043 | D:4      | Reached skill level 5 in Shields
  3043 | D:4      | Reached XP level 7. HP: 50/61 MP: 7/7
  3243 | D:4      | Found a hazy altar of Hepliaklqana.
  3620 | D:5      | Entered Level 5 of the Dungeon
  4029 | D:5      | Reached XP level 8. HP: 71/71 MP: 8/8
  5033 | D:5      | Found an opulent altar of Gozag.
  5033 | D:5      | Found a hide-covered altar of Uskayaw.
  5037 | D:5      | Became a worshipper of Gozag Ym Sagoz the Greedy
  7236 | D:7      | Reached XP level 9. HP: 70/79 MP: 9/9
  7265 | D:7      | Noticed an orc knight
  7265 | D:7      | Noticed a troll
  7283 | D:7      | Killed an orc knight
  7287 | D:7      | HP: 1/81 [troll[an orc knight] (6)]
  7287 | D:7      | Mangled by a troll

Illustrated notes

Levels and vault maps discovered:
D:1:      tarquinn_simple_flora_water_c, layout_loops_corners, serial_shops,
          shop, nicolae_titane
D:2:      layout_loops_ring, minmay_pentomino_z4
D:3:      layout_loops_corners, uniq_sigmund
D:4:      layout_gridville, mainiacjoe_overflow_catwalk, st_stairs_2
D:5:      layout_basic, gammafunk_temple_overflow_wave
D:6:      layout_gridville
D:7:      layout_loops_ring, nicolae_tso_besieged_by_evil, xom_teletrap_fun,
          minmay_temple_entry_ruins, minmay_the_grid_2x2
          [minmay_the_grid_small_cups, minmay_the_grid_armoury,
          minmay_the_grid_medium_cups, minmay_the_grid_prize_big_room],
          uniq_menkaure

Skill      XL: |  1  2  3  4  5  6  7  8  9 |
---------------+----------------------------+-----
Axes           | 3 4 5 6 7 8 |  8.3
Fighting       | 4 5 6 7 8 |  8.0
Armour         | 4 5 6 7 |  7.3
Shields        | 4 5 6 7 |  7.3

Action                     |  1- 3 |  4- 6 |  7- 9 || total
---------------------------+-------+-------+-------++-------
  Melee: War axe           |   144 |    72 |   237 ||   453
  Throw: Dart              |       |       |     6 ||     6
  Evoke: Wand              |       |       |     3 ||     3
    Use: Scroll            |     3 |     2 |     6 ||    11
         Potion            |     1 |       |     5 ||     6
 Armour: Scale mail        |    65 |       |       ||    65
         Plate armour      |    40 |    58 |   290 ||   388
  Dodge: Dodged            |    64 |    13 |    68 ||   145
  Block: Buckler           |    33 |     2 |       ||    35
         Kite shield       |       |    21 |   146 ||   167

Table legend: (Time is in decaauts)
 A = Elapsed time spent in this place.
 B = Non-inter-level travel time spent in this place.
 C = Inter-level travel time spent in this place.
 D = Time resting spent in this place.
 E = Time spent auto-exploring this place.
 F = Levels seen in this place.
 G = Mean time per level.
                   A        B        C        D        E       F      G
               +--------+--------+--------+--------+--------+-----+--------+
         Total |   7434 |   7224 |    210 |   2403 |   3605 |   7 | 1062.0 |
       Dungeon |   7434 |   7224 |    210 |   2403 |   3605 |   7 | 1062.0 |
               +--------+--------+--------+--------+--------+-----+--------+

Top non-repeatable levels by time:
     D:6: 2114 daAuts
     D:4: 1269 daAuts
     D:5: 1147 daAuts
     D:3: 1074 daAuts
     D:1: 894 daAuts
     D:2: 805 daAuts
     D:7: 129 daAuts
